[Event "1st Henriquez Urena Memorial 2022"]
[Site "Santo Domingo"]
[Date "2022.09.18"]
[Round "3.4"]
[White "Camacho Campusano, David Daniel"]
[Black "Peralta, Fernando"]
[Result "0-1"]
[ECO "C01"]
[WhiteElo "2230"]
[BlackElo "2600"]
[Annotator "TA"]
[PlyCount "148"]
[EventDate "2022.09.16"]
[EventType "swiss"]
[EventCountry "DOM"]
[SourceTitle "playchess.com"]
[Source "ChessBase"]
[SourceQuality "1"]
[TimeControl "5400+30"]

1. e4 e6 2. d4 d5 3. Bd3 dxe4 4. Bxe4 Nf6 5. Bf3 c5 6. Ne2 {[%emt 0:00:32] CPLX 2.4} Nc6 {[%emt 0:03:00][%cal Rc5d4] C01: French: Exchange Variation.} 7. Be3 {[%emt 0:00:26] CPLX 2.5} Be7 8. Nbc3 {[%emt 0:00:26] CPLX 2.6} O-O {[%emt 0:00:27] CPLX 2.4 16 (c5xd4) (=5). The position is equal.} 9. O-O {[%emt 0:02:23] CPLX 2.5 16 (d4xc5) (=4)} cxd4 {[%emt 0:00:42] CPLX 2.5} 10. Nxd4 {[%emt 0:00:57] RECAPT} Ne5 {[%emt 0:00:18] CPLX 2.5} 11. Be2 {[%emt 0:02:44] CPLX 2.3 29 (Qd1-e2) (=8)} Qc7 {[%emt 0:04:49] CPLX 2.4 12 (Ne5-g6) (=5)} 12. Ndb5 {[%emt 0:13:17] CPLX 2.3 22 (Be3-f4) (=10)} Qb8 {[%emt 0:01:51] [#] BESTDEEP} 13. Qd4 $146 {[%emt 0:06:40][%cal Rb5a7] CPLX 2.6 37 (a2-a4) (=13)} ({Predecessor:} 13. Qc1 a6 14. Nd4 Neg4 15. Nf3 Nxe3 16. Qxe3 b5 17. a3 Ng4 18. Qe4 f5 19. Qd3 {1-0 (55) Mohammadi,M (1745)-Odmaa,E (1113) Tornelo INT 2021}) 13... Rd8 {[%emt 0:14:36] CPLX 2.7} 14. Qf4 {[%emt 0:03:17] CPLX 3.1} a6 {[%emt 0:00:44] CPLX 2.8} 15. Nd4 {[%emt 0:12:40] CPLX 3.0} Bd6 {[%emt 0:01:21][%cal Oe5g4] CPLX 2.6 43 (Ne5-g4) (=7)} 16. Ne4 {[%emt 0:03:11] CPLX 2.5} Nd5 {[%emt 0:12:34] BESTDEEP} 17. Qh4 {[%emt 0:02:25] CPLX 3.4 16 (Qf4-g3) (=10)} Bc7 {[%emt 0:01:35] MISSDEEP-Bd6-e7 52 (Bd6-e7) (=10)} ({Black should try} 17... Be7 $15 18. Qh5 h6) 18. Rad1 {[%emt 0:02:25] CPLX 3.4 30 (Be2-h5) (=12)} Ng6 {[%emt 0:02:28] DEEPSTRONG} 19. Qh5 {[%emt 0:10:20] EASY} Ndf4 {[%emt 0:02:22] CPLX 3.6} 20. Bxf4 {[%emt 0:02:03] EASY} Nxf4 {[%emt 0:00:14] RECAPT} 21. Qf3 {[%emt 0:02:15] CPLX 4.4} Nxe2+ {[%emt 0:12:03] CPLX 3.0 0 (Bc7-b6) (=8)} 22. Nxe2 {[%emt 0:00:59] CPLX 3.6 31 (Qf3xe2) (=11)} Bd7 $1 {[%emt 0:00:32] DEEPSTRONG} 23. N2g3 {[%emt 0:02:44][%cal Oe4f6] CPLX 3.0 17 (Ne4-g3) (=11)} Be5 {[%emt 0:02:31] Prevents Nf6+. This bishop pair is nice. RELBLUND 68 (Bd7-c6) (=11)} (23... Bc6 $17 {White must now prevent ...Bxg3.} 24. Qe3 Rxd1 25. Rxd1 Qf8) 24. Qh5 $11 {[%emt 0:02:18] EASY} (24. Ng5 f6 25. N5e4 Bb5 26. Rxd8+ Qxd8 $17) 24... Bf4 {[%emt 0:12:59] CPLX 3.7 4 (f7-f6) (=10)} 25. Ng5 {[%emt 0:02:36] CPLX 3.6 14 (Qh5-g4) (=11)} Bxg5 {[%emt 0:00:08] EASY} 26. Qxg5 {[%emt 0:00:10] RECAPT} h6 {[%emt 0:00:26] CPLX 2.8} 27. Qg4 {[%emt 0:07:30] CPLX 3.1 6 (Qg5-c1) (=10)} Qe5 {[%emt 0:01:18] CPLX 2.7} 28. Qd4 {[%emt 0:00:21] CPLX 2.8 43 (c2-c3) (=11)} (28. c3 {seems wilder.} Bc6 29. h3 Qa5 30. Rfe1) 28... Qxd4 {[%emt 0:01:36] CPLX 2.9 44 (Qe5-a5) (=10)} (28... Qa5 {is more complex.} 29. Rd3 Bc6 30. Qc3 Qxc3 31. Rxc3 Rac8) 29. Rxd4 {[%emt 0:00:04] RECAPT} Bc6 {[%emt 0:00:40] CPLX 2.0} 30. Rfd1 {[%emt 0:00:12] EASY} Rxd4 {[%emt 0:00:08] CPLX 2.1} 31. Rxd4 {[%emt 0:00:15][%mdl 4096] Endgame KRB-KRN. RECAPT} Kf8 {[%emt 0:00:14] CPLX 2.0 8 (Ra8-c8) (=10)} 32. f3 {[%emt 0:00:40] CPLX 2.0 1 (Ng3-f1) (=10)} Ke7 {[%emt 0:00:38] CPLX 2.0} 33. Kf2 $1 {[%emt 0:00:26] DEEPSTRONG} g6 {[%emt 0:00:48] CPLX 2.0 5 (Ra8-c8) (=9)} 34. Ne2 {[%emt 0:01:39] CPLX 2.0 1 (Ng3-f1) (=9)} a5 {[%emt 0:05:55] CPLX 2.0 4 (Ra8-c8) (=9)} 35. Ke3 {[%emt 0:02:51] CPLX 2.0 5 (Rd4-d2) (=9)} e5 {[%emt 0:04:45] CPLX 2.0 6 (b7-b5) (=9)} 36. Rd1 {[%emt 0:01:50] CPLX 2.0} f5 {[%emt 0:00:22] CPLX 2.0 3 (b7-b5) (=9)} 37. g3 {[%emt 0:01:17] BESTDEEP} g5 {[%emt 0:01:10] CPLX 2.0} 38. f4 {[%emt 0:01:15] CPLX 2.0} Ke6 {[%emt 0:15:10] CPLX 2.2 1 (e5xf4) (=8)} 39. fxe5 $1 {[%emt 0:02:23] CPLX 2.3} Kxe5 {[%emt 0:00:30] RECAPT} 40. Nd4 {[%emt 0:00:34] CPLX 2.0 11 (Rd1-d4) (=8)} Be4 {[%emt 0:00:00] CPLX 2.1 11 (Ra8-a6) (=8)} 41. Nf3+ {[%emt 0:00:46] CPLX 2.0 9 (a2-a4) (=8)} Ke6 {[%emt 0:00:00] CPLX 2.1 10 (Be4xf3) (=8)} 42. Nd4+ {[%emt 0:00:12] CPLX 2.2 12 (c2-c3) (=8)} Kf6 {[%emt 0:00:00] BESTDEEP} 43. c3 {[%emt 0:03:26] CPLX 2.0} Re8 {[%emt 0:00:00] CPLX 2.0 2 (a5-a4) (=8)} 44. Kf2 {[%emt 0:00:34] CPLX 2.0} Rd8 {[%emt 0:00:00] CPLX 2.0 0 (a5-a4) (=7)} 45. Ke3 {[%emt 0:00:16] CPLX 2.0 9 (a2-a4) (=8)} h5 {[%emt 0:00:00] CPLX 2.0 11 (a5-a4) (=8)} 46. Rd2 {[%emt 0:02:20] CPLX 2.0} Re8 {[%emt 0:00:00] CPLX 2.0} 47. Kf2 {[%emt 0:00:30] CPLX 2.0 10 (b2-b3) (=8)} Rd8 {[%emt 0:00:00] CPLX 2.0 10 (a5-a4) (=7)} 48. Ke3 {[%emt 0:00:06] CPLX 2.0} a4 {[%emt 0:00:00] CPLX 2.0 0 (Rd8-d7) (=7)} 49. b3 {[%emt 0:01:28] CPLX 2.0 12 (Nd4-f3) (=8)} axb3 {[%emt 0:00:00] CPLX 2.2} 50. axb3 {[%emt 0:00:03] RECAPT} Re8 {[%emt 0:01:13] CPLX 2.0} 51. Rf2 {[%emt 0:02:33] CPLX 2.0 42 (c3-c4) (=8)} Ra8 {[%emt 0:00:45] CPLX 2.0 20 (Re8-c8) (=7)} 52. h3 {[%emt 0:01:08][%cal Od4f5] CPLX 2.0 23 (Nd4-f3) (=8)} Ke5 {[%emt 0:02:12] CPLX 2.1 26 (Ra8-c8) (=8)} 53. Nf3+ {[%emt 0:01:06] CPLX 2.3} Bxf3 {[%emt 0:00:53] CPLX 2.0} 54. Kxf3 $15 {[%emt 0:00:02] KR-KR. RECAPT} g4+ {[%emt 0:00:24] CPLX 2.0 15 (Ra8-a3) (=8)} 55. hxg4 {[%emt 0:00:56] CPLX 2.0} hxg4+ {[%emt 0:00:03] RECAPT} 56. Ke3 {[%emt 0:00:49] CPLX 2.0} Ra1 {[%emt 0:01:10] BESTDEEP} 57. Rf4 $2 {[%emt 0:01:42][%mdl 8192] RELBLUND 400 (Rf2-e2) (=15)} (57. Re2 $15) 57... Rc1 $2 {[%emt 0:01:41] RELBLUND 400 (Ra1-e1) (=15)} (57... Re1+ $1 $19 {is more deadly.} 58. Kd2 Rg1) 58. Rc4 $2 {[%emt 0:00:09][%mdl 8192] MISSDEEP-Rf4-b4 400 (Rf4-b4) (=23)} (58. Rb4 $17) 58... Rf1 $1 $19 {[%emt 0:00:11] Strongly threatening ...Rf3+. DEEPSTRONG=>BLUNDERREACT} 59. Rc5+ {[%emt 0:01:21] CPLX 2.0} Kf6 {[%emt 0:00:38] Threatens to win with ...Rf3+. DEEPSTRONG} ({Stronger than} 59... Kd6 60. Rb5 $11) 60. Rb5 {[%emt 0:00:26] CPLX 2.0 19 (Rc5-c7) (=22)} Rf3+ {[%emt 0:00:24] EASY} 61. Kd4 Rxg3 62. Rxb7 Rf3 63. Rb8 Rf4+ $1 64. Ke3 Rf3+ (64... Re4+ $1 $19 65. Kd3 Kf7) 65. Kd4 $17 g3 (65... Kf7 $17 {And now ...g3 would win.} 66. Rb7+ Kf6 67. Rb8) 66. Rg8 $11 Kf7 67. Rg5 Kf6 68. Rg8 f4 69. b4 $2 {[%emt 0:01:09][%mdl 8192] [#]} (69. Ke4 $11 Rxc3 70. Kxf4) 69... Kf5 $1 $19 70. b5 $2 (70. c4 Rb3 71. b5) 70... Rf1 71. c4 Rb1 $2 (71... Rd1+ $19 72. Kc3 Ke4) 72. Kd3 $17 Ke5 (72... Rd1+ $17 73. Kc2 (73. Ke2 Rb1 $17) 73... Rd6) 73. Kc2 $2 {[%emt 0:00:42][%mdl 8192] [#]} (73. Rg5+ $11 Kf6 74. Rg8) 73... f3 $1 {[%emt 0:00:27] ( -> ...f2)} 74. Kxb1 (74. Rxg3 f2) 74... f2 {[%emt 0:00:10] Weighted Error Value: White=0.31/Black=0.19 (very precise)} 0-1

[Event "1st Henriquez Urena Memorial 2022"]
[Site "Santo Domingo"]
[Date "2022.09.18"]
[Round "3.5"]
[White "Ferreira Fernandez, Sergio"]
[Black "Guzman, Christopher"]
[Result "1/2-1/2"]
[ECO "E18"]
[WhiteElo "2119"]
[BlackElo "2252"]
[Annotator "TA"]
[PlyCount "90"]
[EventDate "2022.09.16"]
[EventType "swiss"]
[EventCountry "DOM"]
[SourceTitle "playchess.com"]
[Source "ChessBase"]
[SourceQuality "1"]
[TimeControl "5400+30"]

1. d4 Nf6 2. Nf3 e6 3. c4 b6 4. g3 Bb7 5. Bg2 Be7 6. O-O O-O 7. Nc3 d5 8. Ne5 Nbd7 9. cxd5 Nxd5 10. Nxd5 exd5 11. Nxd7 {[%emt 0:04:16] E18: Queen's Indian: Old Main Line (4 g3 Bb7 5 Bg2 Be7 6 0-0 0-0 7 Nc3).} Qxd7 {[%emt 0:00:02] [#]} 12. Qb3 $146 ({Predecessor:} 12. Bf4 Rac8 13. Qd3 Rfe8 14. Rac1 Bf6 15. b3 Qe6 16. Rc2 c6 17. Re1 c5 18. dxc5 bxc5 {1-0 (44) Jimenez,D (2110)-Guzman,C (2259) Santo Domingo 2016}) 12... Rfd8 13. a4 {[%emt 0:04:40] The position is equal.} Ba6 14. Qf3 c5 15. dxc5 bxc5 16. Rd1 (16. Bf4 $15) 16... d4 17. Bd2 Rab8 18. Ba5 Rdc8 ({Of course not} 18... Rxb2 $6 19. Bxd8 Qxd8 20. Rdb1 $11) 19. Rd2 Bc4 (19... Bb7 $17 20. e4 Bc6) 20. Qe4 ({Better is} 20. e3 $15) 20... Bf6 21. e3 Bb3 22. exd4 cxd4 23. Bf3 (23. Qf4 $17) 23... Qd6 {[%emt 0:00:33] Hoping for ...Qc5.} ({Not} 23... Bxa4 24. Bg4 Qb5 25. Bxc8 Rxc8 26. Rxd4 Bxd4 27. Qxd4 Qxa5 28. Rxa4 $11) 24. Bc3 Rd8 (24... Rc4 $19 {White must now prevent ...Qc5.} 25. Rd3 Bc2) 25. Ba5 $15 Re8 26. Qc6 Qxc6 (26... Qf8 {with more complications.} 27. Qd7 Qc5 28. Bc7 Rbc8) 27. Bxc6 Rec8 $36 {[%emt 0:00:12][%cal Be8c8,Bc8c2,Bc2c1][%mdl 2080] Inhibits Bc7. Black has the initiative.} 28. Bb5 Rc2 29. Ra3 (29. Rxc2 $11 Bxc2 30. Bd2) 29... Rc1+ $17 30. Kg2 Bd5+ 31. f3 Rbc8 32. Bd3 h5 33. Re2 ({White should try} 33. Rf2) 33... h4 (33... g5 $142 $1 {aiming for ...g4.} 34. Bd2 Rd1) 34. Bd2 Rd1 35. Bf4 (35. gxh4 $15 Bxh4 36. Bb4) 35... h3+ $2 (35... g5 $1 $19 36. Bf5 gxf4 37. Bxc8 d3 38. Re8+ Kg7) 36. Kxh3 $15 Bxf3 {[%emt 0:00:25] Strongly threatening ...Rxd3.} 37. Rd2 g5 {[%emt 0:01:15] [#]} (37... Rxd2 $15 38. Bxd2 Bd5) 38. Bh7+ $1 Kxh7 $17 39. Rxf3 {[%emt 0:00:01] [#]} Rxd2 40. Bxd2 {[%emt 0:00:01][%mdl 4096] Endgame KRB-KRB} Kg6 41. Kg4 Rc2 42. Rd3 Rxb2 43. h4 {[%emt 0:00:30] [#]} gxh4 $1 44. gxh4 Be5 45. h5+ Kf6 {[%emt 0:00:00] Weighted Error Value: White=0.35/Black=0.33} 1/2-1/2

[Event "1st Henriquez Urena Memorial 2022"]
[Site "Santo Domingo"]
[Date "2022.09.18"]
[Round "3.6"]
[White "Michelen Rodriguez, Victor Isaac"]
[Black "Orizondo, Hugo"]
[Result "1-0"]
[ECO "D38"]
[WhiteElo "2228"]
[BlackElo "2034"]
[Annotator "TA"]
[PlyCount "65"]
[EventDate "2022.09.16"]
[EventType "swiss"]
[EventCountry "DOM"]
[SourceTitle "playchess.com"]
[Source "ChessBase"]
[SourceQuality "1"]
[TimeControl "5400+30"]

1. c4 e6 2. Nc3 d5 3. d4 Nf6 4. Nf3 Bb4 5. cxd5 exd5 6. Qa4+ Nc6 7. Bg5 O-O {[%emt 0:00:00] D38: Queen's Gambit Declined: Ragozin Defence (4 Nf3 Bb4).} 8. e3 h6 9. Bh4 g5 {[%emt 0:00:00] The position is equal.} 10. Bg3 Ne4 11. Qc2 Bf5 12. Bd3 Re8 {[%emt 0:00:30] [#]} 13. O-O-O $146 ({White should try} 13. O-O $11) ({Predecessor:} 13. O-O Nxg3 14. fxg3 Bxd3 15. Qxd3 Re6 16. Rae1 Bxc3 17. bxc3 Qe7 18. Qb5 Rd8 19. h3 Rxe3 20. Qxb7 {1-0 (37) Rajkovic,D (2355)-Radovic,S (2091) Veliko Gradiste 2017}) 13... Bxc3 $15 14. bxc3 Qe7 15. Kb1 b5 16. Ka1 Qa3 17. Qb3 Qa5 18. Ne5 Nxe5 19. Bxe5 {[#]} Rxe5 $1 20. dxe5 {[%emt 0:01:00] Strongly threatening Bxe4.} Nc5 21. Qc2 (21. Qb4 $2 Qxb4 22. cxb4 Nxd3 $19) 21... Nxd3 22. Rxd3 Re8 {[%emt 0:00:00] next ...c5 is good for Black.} 23. f4 $1 Re6 24. Rhd1 Rc6 25. Qb2 Bxd3 26. Rxd3 $11 {[%emt 0:00:00][%mdl 4096] Endgame KQR-KQR} Rc5 (26... Kf8 $11) 27. Qd2 (27. fxg5 $5 Qa4 28. Rd4 $16 (28. gxh6 Qe4 $14)) 27... Qa3 {[%emt 0:00:00] [#]} (27... Qa4 $14) 28. Kb1 ({Don't play} 28. c4 $6 Qa4 $11) (28. fxg5 $1 $16 {e4 is the strong threat.} b4 29. c4 (29. gxh6 Rxc3 30. Rxc3 bxc3 $11)) 28... Rc4 29. fxg5 hxg5 30. e4 Rxe4 $2 (30... Qe7 $11) 31. Qxg5+ {[%emt 0:00:00] White mates.} Kf8 32. Qd8+ Kg7 33. Rg3+ {[%emt 0:00:00] Weighted Error Value: White=0.19 (very precise) /Black=0.32} 1-0

[Event "1st Henriquez Urena Memorial 2022"]
[Site "Santo Domingo"]
[Date "2022.09.18"]
[Round "3.7"]
[White "Polanco Nunez, Yoel Starling"]
[Black "Subervi, Jonathan Sigfredo"]
[Result "1-0"]
[ECO "A05"]
[WhiteElo "2199"]
[BlackElo "2124"]
[Annotator "TA"]
[PlyCount "59"]
[EventDate "2022.09.16"]
[EventType "swiss"]
[EventCountry "DOM"]
[SourceTitle "playchess.com"]
[Source "ChessBase"]
[SourceQuality "1"]
[TimeControl "5400+30"]

1. Nf3 c5 2. g3 b6 3. Bg2 Bb7 4. O-O Nf6 5. d3 g6 6. e4 d6 7. a4 {[%emt 0:00:27] A05: Réti Opening: 1 Nf3 Nf6.} a6 8. Nc3 Nbd7 9. Nd2 {[%emt 0:04:27][%cal Bf3d2,Bd2c4,Bc4e3][%mdl 32] White is slightly better.} Qc7 10. f4 Bg7 {[%emt 0:08:11] [#]} 11. Qe2 $146 {[%emt 0:00:47][%cal Oe4e5] [#] aiming for e5!} (11. Nc4 $5 ) ({Predecessor:} 11. Nc4 O-O 12. e5 Ne8 13. Nd5 Bxd5 14. Bxd5 Rd8 15. e6 Nef6 16. Ne3 Nb8 17. f5 {1-0 (90) Fauland,A (2449)-Durarbayli,V (2597) Legnica 2013}) 11... O-O 12. Nc4 e6 13. Ne3 {[%emt 0:18:36] Against d5} Rae8 14. g4 d5 15. e5 d4 16. Bxb7 Qxb7 17. exf6 Bxf6 {[%emt 0:10:04] [#]} (17... Nxf6 $11 18. Ne4 (18. g5 Nd5 $11) 18... Nxe4) 18. Ne4 $1 $16 {[%emt 0:00:28] Black must now prevent Nd6.} (18. g5 $6 Be7 $11) 18... dxe3 19. Nd6 $36 {[%emt 0:01:02][%mdl 2048] Keeping Black busy.} Qc6 20. Nxe8 Rxe8 21. Rf3 (21. Bxe3 $6 Bxb2 22. Ra2 Bc3 $11) (21. Qxe3 $2 Bd4 22. Rf2 Bxe3 $19) (21. c3 $16) 21... Rd8 (21... Bd4 22. c3 $16 (22. Bxe3 Bxb2 23. Ra2 Bc3 $11)) ({Better is} 21... b5 $14) 22. c3 (22. Rxe3 $6 Bd4 $11) 22... e5 (22... Bg7 $16 23. Bxe3 (23. Rxe3 Qd5 $16) 23... Nf6) 23. Rxe3 (23. Qxe3 exf4 24. Rxf4 (24. Qxf4 Ne5 $11) 24... Ne5 $14) (23. Bxe3 $18 Re8 24. Bd2) 23... exf4 24. Re8+ Rxe8 25. Qxe8+ Kg7 26. Bxf4 {[%emt 0:04:35] And now g5 would win.} Qd5 {[%emt 0:01:16] Against g5. A mistake that costs the game.} (26... Qf3 $16) 27. Qe4 $18 Qb3 (27... Qe6 28. Qxe6 fxe6) 28. g5 {[%emt 0:02:23] White is clearly winning.} Bd8 29. Be5+ Kg8 (29... Kf8 $142 30. Qa8 Nxe5 31. Qxd8+ Kg7 32. Qf6+ Kg8 33. Qxe5 a5) 30. Qa8 {[%emt 0:00:50][%csl LRa6,LRd8] Weighted Error Value: White=0.27 (precise) /Black=0.59} 1-0

[Event "1st Henriquez Urena Memorial 2022"]
[Site "Santo Domingo"]
[Date "2022.09.18"]
[Round "3.10"]
[White "Crispin Ferreras, Darvi Abraham"]
[Black "Arvelo Leo, Gian Carlo"]
[Result "1/2-1/2"]
[ECO "B38"]
[WhiteElo "2160"]
[BlackElo "2174"]
[Annotator "TA"]
[PlyCount "90"]
[EventDate "2022.09.16"]
[EventType "swiss"]
[EventCountry "DOM"]
[SourceTitle "playchess.com"]
[Source "ChessBase"]
[SourceQuality "1"]
[TimeControl "5400+30"]

1. Nf3 Nf6 2. c4 c5 3. Nc3 g6 4. d4 cxd4 5. Nxd4 Bg7 6. e4 O-O 7. Be2 Nc6 8. Be3 d6 9. O-O Bd7 10. Nxc6 {[%emt 0:12:57] B38: Sicilian: Maroczy Bind with 5...Bg7 and 7...0-0.} Bxc6 11. Qc2 a5 12. Rfd1 {[%emt 0:15:03] [#] White is slightly better.} Qc7 $146 ({Predecessor:} 12... Nd7 13. Rac1 Re8 14. Rd2 b6 15. Nd5 Nc5 16. f3 Ra7 17. Bd4 Bxd5 18. cxd5 Bh6 {½-½ (38) Mastalerz,X (2038)-Delaney,J (2227) Roux 2009}) 13. Rac1 Rfc8 14. Qb1 a4 15. c5 (15. f3 $1 $14 {was forced to keep a grip.}) 15... dxc5 $17 16. Nd5 Bxd5 17. exd5 b6 18. Bf3 Ra7 19. g3 Ne8 20. h4 Nd6 21. Bf4 Qd7 22. Qc2 b5 23. Kg2 (23. Qe2 $17) 23... h5 24. Qe2 a3 25. b3 Rac7 26. g4 (26. Re1 $17) 26... c4 $19 27. gxh5 {[%emt 0:08:35] [#]} cxb3 $1 28. hxg6 $2 (28. axb3 {was necessary.} Rxc1 29. Bxc1) 28... Rxc1 29. gxf7+ Nxf7 30. Bg4 (30. Bxc1 $142 Ne5 31. d6 Nxf3 32. Qxf3) 30... Qxg4+ 31. Qxg4 b2 {[%emt 0:00:21] Strongly threatening ...R8c4.} 32. Bxc1 Rxc1 33. Qf5 Rxd1 34. Qc8+ {[%emt 0:00:01] [#]} Kh7 $2 (34... Nd8 $1 {[%mdl 512] mates} 35. Qxd8+ Kh7 36. Qb6 b1=Q 37. Qe6 Rg1+ 38. Kf3 Re1 39. Qxe1 Qxe1 40. h5 Bd4 41. d6 e6 42. Kg3 Qxf2+ 43. Kg4 Be5 44. h6 Kxh6 45. Kh3 Qg3#) 35. Qc2+ $11 {[%emt 0:00:01] The position is equal.} Kg8 36. Qxd1 Nd6 37. Qc2 Nc4 38. Qg6 Ne5 39. Qe8+ Kh7 40. Qxb5 {[%emt 0:00:02] And now Kf1 would win.} Nc4 41. d6 exd6 42. Qh5+ Kg8 43. Qe8+ Kh7 44. Qe4+ Kh8 $1 45. Qe8+ Kh7 {[%emt 0:01:00] White happily takes the draw.  Weighted Error Value: White=0.49/Black=0.15 (very precise)} 1/2-1/2

[Event "1st Henriquez Urena Memorial 2022"]
[Site "Santo Domingo"]
[Date "2022.09.18"]
[Round "4.1"]
[White "Peralta, Fernando"]
[Black "Quezada Perez, Yasser"]
[Result "1/2-1/2"]
[ECO "D26"]
[WhiteElo "2600"]
[BlackElo "2580"]
[Annotator "ChessBase"]
[PlyCount "27"]
[EventDate "2022.09.16"]
[EventType "swiss"]
[EventCountry "DOM"]
[SourceTitle "playchess.com"]
[Source "ChessBase"]
[SourceQuality "1"]
[TimeControl "5400+30"]

1. d4 d5 2. c4 dxc4 3. e3 Nf6 4. Bxc4 e6 5. Nf3 c5 6. O-O Nc6 7. Qe2 cxd4 8. Rd1 Be7 9. exd4 O-O 10. a3 Nd5 11. Nc3 Bf6 12. Ne4 Nce7 13. Nxf6+ gxf6 14. Bg5 1/2-1/2

[Event "1st Henriquez Urena Memorial 2022"]
[Site "Santo Domingo"]
[Date "2022.09.18"]
[Round "4.3"]
[White "Leon Hoyos, Manuel"]
[Black "Araujo Sanchez, Josue"]
[Result "1/2-1/2"]
[ECO "B50"]
[WhiteElo "2491"]
[BlackElo "2281"]
[Annotator "ChessBase"]
[PlyCount "71"]
[EventDate "2022.09.16"]
[EventType "swiss"]
[EventCountry "DOM"]
[SourceTitle "playchess.com"]
[Source "ChessBase"]
[SourceQuality "1"]
[TimeControl "5400+30"]

1. e4 c5 2. Nf3 d6 3. Bc4 Nf6 4. d3 Nc6 5. O-O Bg4 6. h3 Bxf3 7. Qxf3 g6 8. c3 Bg7 9. Be3 O-O 10. Nd2 Ne5 11. Qe2 Nxc4 12. dxc4 Qb6 13. Rab1 Qc6 14. Bg5 e6 15. Rbd1 Rfe8 16. Rfe1 h6 17. Bh4 Nd7 18. Bg3 Nb6 19. Nb3 Rad8 20. Rd2 Qa4 21. Rxd6 Rxd6 22. Bxd6 Qxa2 23. Nxc5 Nxc4 24. e5 b6 25. Ne4 Qb3 26. Nd2 Nxd2 27. Qxd2 Rc8 28. Re4 Rc4 29. Re3 Qa4 30. Bb4 a5 31. Qd3 Rc8 32. Qa6 Rd8 33. Kh2 Rd5 34. g3 Qc6 35. Bd6 Rd1 36. f3 1/2-1/2

[Event "1st Henriquez Urena Memorial 2022"]
[Site "Santo Domingo"]
[Date "2022.09.18"]
[Round "4.5"]
[White "Guzman, Christopher"]
[Black "Mesa Cruz, Juan Carlos"]
[Result "1-0"]
[ECO "B92"]
[WhiteElo "2252"]
[BlackElo "2119"]
[Annotator "ChessBase"]
[PlyCount "79"]
[EventDate "2022.09.16"]
[EventType "swiss"]
[EventCountry "DOM"]
[SourceTitle "playchess.com"]
[Source "ChessBase"]
[SourceQuality "1"]
[TimeControl "5400+30"]

1. e4 c5 2. Nf3 d6 3. d4 cxd4 4. Nxd4 Nf6 5. Nc3 a6 6. Be2 e5 7. Nb3 Be6 8. Be3 Nbd7 9. g4 Rc8 10. f3 Nb6 11. g5 Nfd7 12. Qd2 Qc7 13. O-O-O d5 14. exd5 Bxd5 15. Kb1 Be6 16. Ne4 Nd5 17. Bd3 Nb4 18. h4 Nxd3 19. Qxd3 Bb4 20. c3 Be7 21. h5 a5 22. g6 fxg6 23. hxg6 h6 24. Bg5 a4 25. Na5 Nc5 26. Nxc5 Bxc5 27. Qb5+ Bd7 28. Qxb7 Qxb7 29. Nxb7 Rf8 30. Rhe1 Rf5 31. Bh4 Rc7 32. Rd5 Rxb7 33. Rxc5 Rb5 34. Rc7 Rxf3 35. Rd1 Bf5+ 36. Kc1 Bd3 37. Rxg7 e4 38. Rg1 Rf1+ 39. Rxf1 Bxf1 40. Rg8+ 1-0

[Event "1st Henriquez Urena Memorial 2022"]
[Site "Santo Domingo"]
[Date "2022.09.18"]
[Round "4.6"]
[White "Ferreira Fernandez, Sergio"]
[Black "Martinez Castillo, Julio Antonio"]
[Result "0-1"]
[ECO "E02"]
[WhiteElo "2119"]
[BlackElo "2122"]
[Annotator "TA"]
[PlyCount "100"]
[EventDate "2022.09.16"]
[EventType "swiss"]
[EventCountry "DOM"]
[SourceTitle "playchess.com"]
[Source "ChessBase"]
[SourceQuality "1"]
[TimeControl "5400+30"]

1. d4 e6 2. c4 d5 3. Nf3 Nf6 4. g3 Be7 5. Bg2 O-O 6. O-O c6 7. Nc3 Nbd7 8. Qd3 {[%emt 0:06:12] now scores much better than the old 8.b3.} dxc4 9. Qxc4 Nb6 10. Qb3 {[%emt 0:00:22] E02: Open Catalan: 5 Qa4+.} a5 11. a3 Nbd5 {[%emt 0:04:30] [#]} 12. Rd1 $146 {[%emt 0:05:31] White is slightly better.} ({Predecessor:} 12. Ne5 Nxc3 13. bxc3 a4 14. Qc2 Qa5 15. e4 Rd8 16. Bb2 Bd7 17. c4 Be8 18. c5 Qc7 {0-1 (36) Paukert,J (1917)-Ptacnik,P (1705) Zlate Hory 2006}) 12... Qb6 13. Qxb6 Nxb6 14. e4 c5 15. dxc5 Bxc5 16. h3 Bd7 17. Ne5 Be8 (17... Ba4 $11 {is superior.} 18. Nxa4 Nxa4) 18. Nd3 $14 Bd4 19. Ne2 $1 Ba4 20. Rd2 (20. Re1 $5 Bc2 21. Nxd4 Bxd3 22. Bf4 $14) 20... Nc4 {[%emt 0:15:22] [#] Strongly threatening ...Rad8.} 21. Nxd4 Rad8 22. Re2 {[%emt 0:12:20][%cal Od3c5] aiming for Nc5!} Rxd4 23. Nc5 Rd1+ 24. Kh2 Bc6 25. Rc2 Ne5 26. f4 (26. b4 $11) 26... Ned7 ({Better is} 26... Nd3 $15) 27. Nxd7 (27. Bf3 $1 $14 Rf1 28. Nxd7 Bxd7 29. Kg2) 27... Nxd7 $11 28. e5 {[%emt 0:03:34] Against Nf6} Bxg2 29. Kxg2 Nb6 $1 {[%emt 0:00:32] Black is more active.} 30. b4 a4 31. Bb2 {[%emt 0:00:42] Black converts the advantage convincingly.} (31. Raa2 $15) 31... Rd3 $17 32. Rac1 (32. Rf1 $17) 32... h5 33. g4 (33. Rf1 $17) 33... Nd5 $19 34. Rf2 hxg4 35. hxg4 Ne3+ 36. Kg1 Rfd8 {[%emt 0:11:00] [#] Threatens to win with ...Rd1+.} ({Not} 36... Nxg4 $2 37. Rfc2 $19) ({But not} 36... Nd1 $2 37. Rh2 $19) 37. Re2 Nxg4 38. Rc7 $2 (38. b5) 38... Rg3+ 39. Kf1 Rd1+ 40. Re1 Rd2 (40... Ne3+ $142 41. Kf2 Rg2+ 42. Kxe3 Rxe1+ 43. Kd4 Rxb2 44. Rxb7 Rf2) 41. Re2 Rf3+ 42. Kg2 Rdd3 ({Stronger than} 42... Rxe2+ 43. Kxf3 Rxb2 44. Kxg4 $15) 43. Rxb7 Rh3 44. Kg1 Rd1+ 45. Kg2 Rh2+ 46. Kf3 Rf1+ 47. Kxg4 Rxe2 {[%emt 0:00:16] Black mates.} 48. Bd4 Rg2+ 49. Kh3 Rg6 50. Kh2 Rxf4 {[%emt 0:00:22] Weighted Error Value: White=0.58/Black=0.22 (precise)} 0-1